AoeStats
← Daubbles

Hill Fort

506280852Analyzed
4v4 RM · 20d ago on Sep 13, 2026· 40m 54s· 8 players
Game mode
Random Map
Map size
Large (8 player)
Population
200
Speed
Normal
Resources
Standard
Victory
Conquest
Starting age
Dark Age
Ending age
Imperial Age
RankedLock teamsTeams togetherTeam positionsShared explorationLock speedFull tech treeHidden civsTurbo modeCheats
Victory
Defeat
🇨🇱 Huns · Chile
1008
+15
🇨🇱 Vietnamese · Chile
1007
+15
🇻🇳 Lithuanians · Vietnam
1003
+15
🇵🇪 Vikings · Peru
954
+17
🇺🇸 Vietnamese · United States
1013
-42
🇺🇸 Slavs · United States
984
-16
🇺🇸 Koreans · United States
980
-15
🇺🇸 Inca · United States
970
-26
Daubbles
1:27 Loom
12:27 Feudal Age
15:09 Horse Collar
16:17 Double-Bit Axe
20:21 Padded Archer Armor
23:35 Castle Age
22:20 Fletching
24:41 Bodkin Arrow
25:03 Elite Skirmisher
29:46 Bow Saw
Its3amBuddy
5:08 Loom
12:32 Feudal Age
13:12 Double-Bit Axe
13:24 Horse Collar
14:22 Man-at-Arms
20:46 Castle Age
19:16 Scale Mail Armor
20:15 Forging
20:55 Long Swordsman
21:55 Chain Mail Armor
22:53 Wheelbarrow
23:07 Squires
23:39 Heavy Plow
25:17 Bow Saw
25:18 Fletching
26:57 Scale Barding Armor
33:58 Hand Cart
Legatus
5:28 Loom
10:14 Feudal Age
10:43 Double-Bit Axe
10:39 Horse Collar
13:05 Wheelbarrow
19:17 Castle Age
20:33 Heavy Plow
20:45 Bow Saw
29:24 Gold Mining
29:24 Stone Mining
31:29 Stone Shaft Mining
31:30 Gold Shaft Mining
31:50 Husbandry
31:14 Light Cavalry
32:22 Pikeman
33:03 Squires
34:37 Eupseong
SparrowHawk
11:28 Feudal Age
22:09 Castle Age
27:23 Double-Bit Axe
27:23 Horse Collar
30:42 Fortified Wall
32:27 Squires
31:52 Champi Runner
xinhdep15
0:28 Loom
11:09 Feudal Age
17:45 Castle Age
16:54 Double-Bit Axe
17:02 Gold Mining
18:04 Wheelbarrow
17:18 Horse Collar
19:35 Heavy Plow
22:00 Hand Cart
24:07 Stone Mining
24:41 Bow Saw
32:01 Imperial Age
30:15 Scale Barding Armor
30:21 Forging
31:01 Husbandry
31:13 Bloodlines
31:26 Chain Barding Armor
33:09 Conscription
32:16 Cavalier
33:35 Iron Casting
33:38 Plate Barding Armor
34:24 Paladin
castle.franz06
12:25 Feudal Age
16:32 Castle Age
16:03 Fletching
16:03 Double-Bit Axe
16:03 Horse Collar
17:38 Bodkin Arrow
22:14 Bow Saw
30:28 Imperial Age
29:52 Ballistics
29:46 Masonry
31:29 Bracer
34:58 Chemistry
36:37 Elite Cannon Galleon
38:05 Bogsveigar
Waldo Magnum
3:38 Loom
11:05 Feudal Age
12:38 Double-Bit Axe
12:56 Horse Collar
18:53 Wheelbarrow
18:37 Town Watch
21:27 Castle Age
19:51 Gold Mining
20:30 Fletching
20:51 Stone Mining
22:41 Bow Saw
22:33 Heavy Plow
22:50 Hand Cart
22:15 Crossbowman
24:42 Thumb Ring
28:18 Padded Archer Armor
28:14 Bodkin Arrow
31:01 Caravan
36:19 Imperial Age
38:30 Two-Man Saw
37:35 Bracer
37:28 Capped Ram
38:57 Arbalester
40:26 Leather Archer Armor
bepbruno14
10:29 Feudal Age
8:45 Loom
11:49 Double-Bit Axe
18:30 Gold Mining
21:27 Castle Age
20:12 Scale Barding Armor
21:39 Forging
22:32 Horse Collar
23:14 Chain Barding Armor
24:37 Bow Saw
27:30 Wheelbarrow
27:24 Marauders
27:36 Bloodlines
27:27 Husbandry
28:05 Iron Casting
32:25 Hand Cart
35:09 Gold Shaft Mining
34:26 Stone Mining
43:51 Imperial Age
Connection lost

Rejoining the realm…

Still unreachable

The connection could not be restored.

Session expired

The server has moved on; the page needs a fresh start.